 Dungeon Crawl Stone Soup version 0.32-a0-975-g85d4e5bfdb (webtiles) character file.

Game seed: 2058022141103316449

236 Fodor the Covered (level 5, -6/47 HPs)
             Began as a Minotaur Fighter on Apr 19, 2024.
             Mangled by an ogre
             ... wielding a +0 giant club
              (29 damage)
             ... on level 4 of the Dungeon.
             The game lasted 00:10:05 (2588 turns).

Fodor the Covered (Minotaur Fighter)                Turns: 2588, Time: 00:10:05

Health: -6/47      AC:  7    Str: 23    XL:     5   Next: 77%
Magic:  4/4        EV:  9    Int:  5    God:
Gold:   212        SH:  4    Dex:  9    Spells: 4/4 levels left

rFire   . . .        a - +0 war axe
rCold   . . .        c - +0 buckler
rNeg    . . .        b - +0 scale mail
rPois   .            (helmet restricted)
rElec   .            v - scarf {+Inv}
rCorr   .            (no gloves)
SInv    .            (no boots)
Will    +....        (no amulet) Stlth
                     o - ring of willpower
HPRegen 0.27/turn    (no ring)
MPRegen 0.09/turn

%: no passive effects
@: no status effects
A: horns 2, retaliatory headbutt
a: Evoke Invisibility


You were on level 4 of the Dungeon.
You visited 1 branch of the dungeon, and saw 4 of its levels.

You collected 212 gold pieces.

Inventory:

Hand Weapons
 a - a +0 war axe (weapon)
 m - a +0 shortbow
Missiles
 j - 6 atropa-tipped darts
 r - 4 datura-tipped darts
 s - 5 poisoned darts
 u - 2 boomerangs (quivered)
 y - 2 silver javelins
Armour
 b - a +0 scale mail (worn)
 c - a +0 buckler (worn)
 v - a scarf of invisibility (worn)
Jewellery
 o - a ring of willpower (left hand)
 x - a ring of willpower
Wands
 t - a wand of polymorph (11)
Scrolls
 e - 2 scrolls of identify {unknown}
 f - 2 scrolls of noise {unknown}
 g - a scroll of brand weapon {unknown}
 h - 2 scrolls of poison {unknown}
 i - 4 scrolls of vulnerability {unknown}
 k - a scroll of fog {unknown}
 q - a scroll of revelation {unknown}
 w - a scroll of fear {unknown}
Potions
 d - 3 potions of might
 l - a potion of invisibility {unknown}
 n - 2 potions of heal wounds {unknown}
 p - 2 potions of enlightenment {unknown}
 z - a potion of curing {unknown}


   Skills:
 + Level 4.4 Fighting
 + Level 4.6 Axes
 + Level 5.3 Armour
 + Level 1.8 Dodging
 + Level 0.6 Stealth
 + Level 4.0 Shields


You had 4 spell levels left.
You didn't know any spells.
Your spell library contained the following spells:

 Spells                   Type           Power      Damage    Failure   Level
 Hailstorm                Conj/Ice       0%         3d5       99%         3
 Summon Ice Beast         Ice/Summ       0%         N/A       99%         3
 Volatile Blastmotes      Fire/Tloc      0%         2d10      99%         3
 Fulminant Prism          Conj/Alch      0%         3d5       100%        4
 Iskenderun's Mystic Bla Conj/Tloc 0%             2d3        (+2d1     100%        4
 Permafrost Eruption      Ice/Erth       0%         2x4d1     100%        6
 Sculpt Simulacrum        Ice/Alch       0%         N/A       100%        6


Dungeon Overview and Level Annotations

Branches:
Dungeon (4/15)
 Temple: D:4-7

Altars:
Kikubaaqudgha
Trog


Innate Abilities, Weirdness & Mutations

You have a pair of horns on your head.
You reflexively headbutt those who attack you in melee.


Message History

The kobold is severely wounded.
The kobold hits you but does no damage.
You closely miss the kobold.
The kobold is severely wounded.
The kobold hits you but does no damage. The kobold barely misses you.
You furiously retaliate!
You headbutt the kobold!
You kill the kobold!
Items here: ( ))) [ †.
Unknown command.
Items here: ))) †.
You now have 212 gold pieces (gained 12).
Items here: ))) †.
Things that are here:
a +0 short sword; a +0 chain mail; an orc corpse You see here 2 silver javelins.
y - 2 silver javelins HP restored.
An iguana comes into view.
The iguana hisses angrily.
A quokka comes into view.
The iguana bites you.
You slash the iguana! You headbutt the iguana.
You kill the iguana!
You see here an iguana corpse.
The quokka bites you but does no damage.
You barely miss the quokka. The quokka barely misses you.
You furiously retaliate!
You headbutt the quokka!
You kill the quokka!
Found a stone staircase leading up.
An ogre comes into view. It is wielding a +0 giant club.
The ogre shouts!
You slash the ogre! You headbutt the ogre!
The ogre is severely wounded.
The ogre hits you with a +0 giant club!!
Ouch! That really hurt!
You barely miss the ogre.
The ogre is heavily wounded.
The ogre hits you with a +0 giant club!!
Ouch! That really hurt!
You die...

##..## ##)##
######))# ....#...#
.......###
.........## ####
..........#####..###
............##.....##
.............#..@O..#
....................#
...............###..#
............†...##..#
.................#..#
...................#
##................#
##...............#
##..............#


You could see an ogre.

Vanquished Creatures
  An orc priest (D:4)
  An orc wizard (D:3)
  Ijyb (D:3)
  An iguana (D:4)
  4 adders (D:3)
  2 dart slugs
  2 ribbon worms (D:3)
  12 orcs
  7 ball pythons
  2 bat zombies (D:3)
  7 endoplasms
  6 giant cockroaches
  4 goblins
  3 hobgoblins
  3 quokkas
  4 bats
  6 frilled lizards
  2 frilled lizard zombies (D:3)
  8 kobolds
  2 rats
78 creatures vanquished.

Notes
Turn   | Place    | Note
-------+----------+-------------------------------------------
     0 | D:1      | Fodor the Minotaur Fighter began the quest for the Orb.
     0 | D:1      | Reached XP level 1. HP: 19/19 MP: 0/0
   393 | D:1      | Reached XP level 2. HP: 27/27 MP: 1/1
   691 | D:1      | Reached skill level 4 in Armour
  1372 | D:2      | Reached XP level 3. HP: 33/33 MP: 2/2
  1849 | D:3      | Reached XP level 4. HP: 20/40 MP: 3/3
  1854 | D:3      | Noticed Ijyb
  2003 | D:3      | Killed Ijyb
  2004 | D:3      | Reached skill level 1 in Dodging
  2085 | D:3      | Reached XP level 5. HP: 36/47 MP: 4/4
  2150 | D:3      | Found a bloodstained altar of Trog.
  2292 | D:3      | Found a faded altar of an unknown god.
  2400 | D:3      | Found an ancient bone altar of Kikubaaqudgha.
  2463 | D:4      | Reached skill level 5 in Armour
  2585 | D:4      | Noticed an ogre
  2588 | D:4      | Mangled by an ogre

Illustrated notes

Levels and vault maps discovered:
D:1:      dpeg_cavernosity, layout_basic, chequers_serial_rivers_room_a,
          nicolae_kite_square_tiling_tiny, kennysheep_doodads
D:2:      cheibrodos_old_hovel, layout_basic
D:3:      layout_rooms, lemuel_zombie_altar_kikubaaqudgha,
          mainiacjoe_overflow_paths, shapermc_ecumenical_altar_pompeii,
          uniq_ijyb
D:4:      layout_layer_cave, hellmonk_ghost_happy_afterlife, uniq_edmund

Skill      XL: |  1  2  3  4  5 |
---------------+----------------+-----
Fighting       | 4 |  4.4
Armour         | 4 5 |  5.3
Axes           | 3 4 |  4.6
Dodging        | 1 |  1.8
Shields        | 4 |  4.0
Stealth        | |  0.6

Action                     |  1- 3 |  4- 6 || total
---------------------------+-------+-------++-------
  Melee: War axe           |    86 |    84 ||   170
         Headbutt          |    12 |    16 ||    28
 Armour: Scale mail        |    69 |    74 ||   143
         Skin              |       |     6 ||     6
  Dodge: Dodged            |    59 |    58 ||   117
  Block: Buckler           |    23 |    23 ||    46

Table legend: (Time is in decaauts)
 A = Elapsed time spent in this place.
 B = Non-inter-level travel time spent in this place.
 C = Inter-level travel time spent in this place.
 D = Time resting spent in this place.
 E = Time spent auto-exploring this place.
 F = Levels seen in this place.
 G = Mean time per level.
                   A        B        C        D        E       F      G
               +--------+--------+--------+--------+--------+-----+--------+
         Total |   2648 |   2545 |    103 |     81 |   1413 |   4 |  662.0 |
       Dungeon |   2648 |   2545 |    103 |     81 |   1413 |   4 |  662.0 |
               +--------+--------+--------+--------+--------+-----+--------+

Top non-repeatable levels by time:
     D:1: 1205 daAuts
     D:3: 604 daAuts
     D:2: 561 daAuts
     D:4: 277 daAuts
